 Dungeon Crawl Stone Soup version 0.28-a0-863-g8cecda6153 (webtiles) character file.

Game seed: 18049982199607359414

25 MirrMurr the Chucker (level 2, 0/22 HPs)
             Began as a Demonspawn Hunter on Nov 17, 2021.
             Slain by a jackal (1 damage)
             ... on level 1 of the Dungeon.
             The game lasted 00:03:56 (1182 turns).

MirrMurr the Chucker (Demonspawn Hunter)            Turns: 1182, Time: 00:03:56

Health: 0/22       AC:  3    Str: 12    XL:     2   Next: 86%
Magic:  2/2        EV: 12    Int: 12    God:
Gold:   17         SH:  0    Dex: 13    Spells: 1/1 levels left

rFire   . . .      SeeInvis .   a - +0 short sword
rCold   . . .      Faith    .   (no shield)
rNeg    . . .      Spirit   .   b - +0 leather armour
rPois   .          Reflect  .   (no helmet)
rElec   .          Harm     .   (no cloak)
rCorr   .          Rampage  .   (no gloves)
Will    .....                   (no boots)
Stlth   +.........              (no amulet)
HPRegen 0.07/turn               (no ring)
MPRegen 0.08/turn               (no ring)

@: no status effects
A: demonic magic 1
a: no special abilities


You were on level 1 of the Dungeon.
You visited 1 branch of the dungeon, and saw 1 of its levels.

You collected 17 gold pieces.

Inventory:

Hand Weapons
 a - a +0 short sword (weapon)
Missiles
 c - 5 javelins
 d - a throwing net
 e - 14 sling bullets
 g - 20 stones (quivered)
Armour
 b - a +0 leather armour (worn)
Scrolls
 h - a scroll of immolation {unknown}
Potions
 f - 2 potions of resistance {unknown}


   Skills:
 + Level 2.3 Fighting
 * Level 3.9 Throwing
 + Level 0.7 Armour
 + Level 2.1 Dodging
 - Level 1.0 Stealth


You had one spell level left.
You didn't know any spells.
Your spell library contained the following spells:

 Spells                   Type           Power      Damage    Failure   Level
 Magic Dart               Conj           0%         1d3       38%         1
 Searing Ray              Conj           0%         2d4       54%         2
 Fulminant Prism          Conj/Hex       0%         3d6       99%         4


Dungeon Overview and Level Annotations

Branches:
Dungeon (1/15)

Altars:


Innate Abilities, Weirdness & Mutations

Spells you cast may paralyse adjacent enemies.


Message History

You are too injured to fight recklessly!
The bat misses you. The jackal bites you. The bat hits you but does no damage.
You hit the bat.
You kill the bat!
The jackal barely misses you. The jackal bites you.
* * * LOW HITPOINT WARNING * * *
You are too injured to fight recklessly!
You closely miss the jackal. The jackal bites you.
* * * LOW HITPOINT WARNING * * *
You barely miss the jackal. The jackal closely misses you.
The jackal bites you.
* * * LOW HITPOINT WARNING * * *
You drop a stone.
The jackal bites you but does no damage.
Unknown command.
Unknown command.
Throw: 6 javelins
Press: ? - help, Shift-Dir - straight line, f - jackal
Aim: a jackal (51% to hit)
You throw a javelin. The javelin closely misses the jackal.
The jackal bites you but does no damage.
The jackal bites you.
* * * LOW HITPOINT WARNING * * *
Throw: 2 throwing nets
Press: ? - help, Shift-Dir - straight line, f/p - jackal
Aim: a jackal (51% to hit)
You throw a throwing net. The throwing net hits the jackal.
The jackal is caught in the net!
The jackal struggles against the net. x2
Unknown command.
The jackal struggles against the net.
The jackal struggles against the net.
The net rips apart, and the jackal comes free!
You see here a +0 club.
You closely miss the jackal. The jackal bites you.
* * * LOW HITPOINT WARNING * * *
The jackal bites you.
You die...

#........÷..#......#
#...........#......#
#..................#
#..........#.......#
#..........#.......#
#...)......#.......#
#..........#.).....#
#.)................#
########.h@...............#
#
#........########.........#
..###$...(...#
......###....##
.........(...# ......#
#....##
..#.....(....###......#
#....##
........#.....##......#
#.....#
......(.#†....+.......
#.....#
..#..(.)#.....##......
#.....# #.....#......#
###.....#


You could see a jackal.

Vanquished Creatures
  3 endoplasms (D:1)
  3 giant cockroaches (D:1)
  2 goblins (D:1)
  2 hobgoblins (D:1)
  5 jackals (D:1)
  A kobold (D:1)
  2 ball pythons (D:1)
  2 bats (D:1)
  A frilled lizard (D:1)
21 creatures vanquished.

Vanquished Creatures (others)
  4 fungi (D:1)
  9 plants (D:1)
13 creatures vanquished.

Grand Total: 34 creatures vanquished

Notes
Turn   | Place    | Note
-------+----------+-------------------------------------------
     0 | D:1      | MirrMurr the Demonspawn Hunter began the quest for the Orb.
     0 | D:1      | Reached XP level 1. HP: 16/16 MP: 1/1
   225 | D:1      | Reached skill level 1 in Stealth
   497 | D:1      | Gained mutation: Spells you cast may paralyse adjacent
                  | enemies. [demonic ancestry]
   497 | D:1      | Reached XP level 2. HP: 15/22 MP: 2/2
  1175 | D:1      | HP: 1/22 [jackal (2)]
  1181 | D:1      | HP: 1/22 [jackal (1)]
  1182 | D:1      | Slain by a jackal

Illustrated notes

Levels and vault maps discovered:
D:1:      amcnicky_arrival_underground_garden, layout_basic,
          dreamdust_ecumenical_altar_grove, chequers_avenue,
          minmay_misc_feat_room

Skill      XL: |  1 |
---------------+----+-----
Stealth        | 1 |  1.0
Dodging        | 2 |  2.1
Fighting       | |  2.3
Throwing       | |  3.9
Armour         | |  0.7

Action                   || total
-------------------------++-------
Melee: Short sword       ||    86
Throw: Stone             ||    15
       Javelin           ||     1
       Throwing net      ||     1
Armor: Leather armour    ||    26
Dodge: Dodged            ||    55

Table legend: (Time is in decaauts)
 A = Elapsed time spent in this place.
 B = Non-inter-level travel time spent in this place.
 C = Inter-level travel time spent in this place.
 D = Time resting spent in this place.
 E = Time spent auto-exploring this place.
 F = Levels seen in this place.
 G = Mean time per level.
                   A        B        C        D        E       F      G
               +--------+--------+--------+--------+--------+-----+--------+
         Total |   1189 |   1187 |      2 |      6 |    886 |   1 | 1189.0 |
       Dungeon |   1189 |   1187 |      2 |      6 |    886 |   1 | 1189.0 |
               +--------+--------+--------+--------+--------+-----+--------+

Top non-repeatable levels by time:
     D:1: 1189 daAuts
